 Dungeon Crawl Stone Soup version 0.17-a0-2127-g1cb09f6 (console) character file.

2727 brucemayne the Cleaver (level 9, -2/96 HPs)
             Began as a Demonspawn Berserker on Oct 22, 2015.
             Was a Believer of Trog.
             Slain by Sonja
             ... wielding a +0 dagger of distortion
              (5 damage)
             ... on level 10 of the Dungeon.
             The game lasted 00:16:47 (2398 turns).

brucemayne the Cleaver (Demonspawn Berserker)       Turns: 2398, Time: 00:16:47

Health: -2/96      AC: 20    Str: 26    XL:     9   Next: 40%
Magic:  9/9        EV: 11    Int:  9    God:    Trog [**....]
Gold:   107        SH:  0    Dex: 12    Spells: 0 memorised, 8 levels left

rFire  + . .     SeeInvis .     t - +1 war axe (freeze)
rCold  . . .     Clarity  .     q - +0 plate armour
rNeg   + . .     SustAt   .     (no shield)
rPois  +         Gourm    .     d - +0 helmet
rElec  .         Spirit   .     (no cloak)
rCorr  .         Warding  +     k - +0 pair of gloves
rMut   .         Stasis   .     G - +1 pair of boots
MR     .....                    u - brooch of Shielding {Ward rN+ AC+4 EV+4}
Stlth  ..........               H - ring of poison resistance
                                L - ring of protection from fire

@: berserking, slowed, not resistant to hostile enchantments, extremely
unstealthy
A: talons 2, rugged brown scales 1, demonic guardian 1, powered by death 2
a: Berserk, Trog's Hand, Burn Spellbooks, Renounce Religion


You were on level 10 of the Dungeon.
You worshipped Trog.
Trog was pleased with you.
You were not hungry.

You visited 1 branch of the dungeon, and saw 11 of its levels.
You also visited: Labyrinth.

You collected 107 gold pieces.

Inventory:

Hand Weapons
 a - a +0 hand axe
 t - a +1 war axe of freezing (weapon)
Missiles
 B - 14 poisoned needles
 J - a throwing net (quivered)
Armour
 b - a +0 animal skin
 d - a +0 helmet (worn)
 g - a +0 ring mail
 k - a +0 pair of gloves (worn)
 q - a +0 plate armour (worn)
 G - a +1 pair of boots (worn)
Magical Staves
 E - an uncursed staff of power {unknown}
Rods
 O - a +7 lightning rod (10/10)
   (You found it in a labyrinth)
Jewellery
 u - the brooch of Shielding (around neck) {Ward rN+ AC+4 EV+4}
   (You found it on level 5 of the Dungeon)

   [amulet of warding]

   It may prevent the melee attacks of summoned creatures.
   It affects your AC (+4).
   It affects your evasion (+4).
   It protects you from negative energy.
 w - an uncursed ring of invisibility
 H - a ring of poison resistance (right hand)
 L - a ring of protection from fire (left hand)
Wands
 f - a wand of slowing (27)
 z - a wand of slowing (27)
 P - a wand of slowing (32)
Scrolls
 e - 2 scrolls of recharging {unknown}
 v - a scroll of amnesia {unknown}
 x - 3 scrolls of identify
 C - a scroll of immolation {unknown}
 D - a scroll of teleportation {unknown}
 F - a scroll of remove curse {unknown}
 I - a scroll of enchant weapon {unknown}
 K - a scroll of random uselessness
 M - a scroll of noise {unknown}
 N - a scroll of summoning {unknown}
Potions
 h - a potion of lignification {unknown}
 i - 2 potions of brilliance {unknown}
 j - a potion of heal wounds {unknown}
 l - a potion of invisibility {unknown}
 m - a potion of agility {unknown}
 p - 2 potions of curing {unknown}
 r - a potion of cancellation {unknown}
 s - a potion of resistance {unknown}
Books
 o - a book of Envenomations

   Spells                             Type                      Level
   a - Spider Form                    Transmutation/Poison         3
   b - Alistair's Intoxication        Transmutation/Poison         4
   c - Olgreb's Toxic Radiance        Poison                       4
   d - Poisonous Cloud                Conjuration/Poison/Air       6
   Trog disapproves of the use of such an item.
 y - a book of Debilitation

   Spells                             Type                      Level
   a - Corona                         Hexes                        1
   b - Slow                           Hexes                        2
   c - Gell's Gravitas                Hexes/Translocation          3
   d - Inner Flame                    Hexes/Fire                   3
   e - Cause Fear                     Hexes                        4
   f - Leda's Liquefaction            Hexes/Earth                  4
   Trog disapproves of the use of such an item.
 A - a book of Party Tricks

   Spells                             Type                      Level
   a - Summon Butterflies             Summoning                    1
   b - Apportation                    Translocation                1
   c - Tukima's Dance                 Hexes                        3
   d - Alistair's Intoxication        Transmutation/Poison         4
   e - Invisibility                   Hexes                        6
   Trog disapproves of the use of such an item.
Comestibles
 c - a bread ration
 n - a slice of pizza


   Skills:
 - Level 3.0 Fighting
 + Level 11.6 Axes
 - Level 3.3 Armour
 - Level 1.7 Dodging


You had 8 spell levels left.
You didn't know any spells.

Dungeon Overview and Level Annotations

Branches:
Dungeon (11/15)
 Temple: D:4-7         Lair: D:8-11         Orc: D:9-12

Altars:
Dithmenos
Fedhas
Kikubaaqudgha
Nemelex Xobeh
Okawaru
Vehumet
Xom

Annotations:
D:10 Sonja
D:11 Gastronok


Innate Abilities, Weirdness & Mutations

You have razor-sharp toenails.
You are partially covered in rugged brown scales (AC +1, +3% HP).
A weak demonic guardian rushes to your aid.
You regenerate health from kills.


Message History

Something completely misses your butterfly.
Something hits your butterfly.
Your butterfly dies!
Sonja shoots a curare-tipped needle.
The curare-tipped needle hits you.
Unknown command.
Use which ability?
A red film seems to cover your vision as you go berserk!
You feel yourself moving faster!
You feel mighty!
You feel somewhat more hungry. Something hits you.
* * * LOW HITPOINT WARNING * * *
Something closely misses your butterfly.
Sonja unwields an uncursed blowgun.
Sonja wields an uncursed dagger of distortion.
Its appearance distorts for a moment.
Sonja hits you but does no damage. Space bends around you.
* * * LOW HITPOINT WARNING * * *
Sonja hits you with an uncursed dagger of distortion.
* * * LOW HITPOINT WARNING * * *
Space bends around you.
You die...

####..........# .....#
...#..........####......
...#....................
...#....................
...#....................
#'##.######...b.........
.....#....#.....>###
.....'....#...bb.#
.....#....#..b..@#
.....#....#...bK(#
.....##+###...5.b#
....... ..........
#+###########+#....
............. +.....
............< #......
............. #......#
#............ #......#


You could see Sonja and a friendly iron imp.

Vanquished Creatures
  A minotaur (Lab)
  A troll (D:10)
  A minotaur zombie (Lab)
  A two-headed ogre (D:10)
  A steam dragon (D:11)
  A hippogriff (D:10)
  A centaur (D:5)
  An orc warrior (D:8)
  An ogre (D:5)
  6 killer bees (D:8)
  A crimson imp (D:11)
  A hound (D:8)
  3 jellies
  An orc wizard (D:9)
  A centaur zombie (D:5)
  2 worker ants
  Robin (D:2)
  An adder (D:5)
  An ooze (D:6)
  2 giant geckos
  13 orcs
  3 bats (D:2)
  3 giant cockroaches
  7 goblins (D:2)
  3 hobgoblins (D:2)
  8 jackals (D:2)
  2 quokkas (D:8)
  A giant gecko skeleton (D:7)
  2 giant newts
  A kobold (D:2)
  5 rats
77 creatures vanquished.

Vanquished Creatures (collateral kills)
  An orc warrior (D:7)
  2 giant frogs (D:8)
  A scorpion (D:5)
  A giant frog zombie (D:5)
  A hound (D:5)
  A giant frog skeleton (D:4)
  Ijyb (D:2)
  A crimson imp (D:3)
  An adder skeleton (D:5)
  4 goblins (D:2)
  A hobgoblin (D:2)
15 creatures vanquished.

Vanquished Creatures (others)
  2 plants (D:8)
2 creatures vanquished.

Grand Total: 94 creatures vanquished

Notes
Turn   | Place    | Note
--------------------------------------------------------------
     0 | D:1      | brucemayne the Demonspawn Berserker began the quest for the Orb.
     0 | D:1      | Reached XP level 1. HP: 18/18 MP: 1/1
   141 | D:3      | Gained mutation: A weak demonic guardian rushes to your aid. [demonic ancestry]
   141 | D:3      | Reached XP level 2. HP: 12/24 MP: 2/2
   201 | D:2      | Noticed Robin
   239 | D:2      | Reached ** piety under Trog
   239 | D:2      | Gained mutation: You regenerate a little health from kills. [demonic ancestry]
   239 | D:2      | Reached XP level 3. HP: 17/29 MP: 3/3
   246 | D:2      | Killed Robin
   246 | D:2      | Reached skill level 4 in Axes
   331 | D:2      | Noticed Ijyb
   346 | D:2      | Killed Ijyb
   346 | D:2      | Reached XP level 4. HP: 35/35 MP: 4/4
   454 | D:3      | Found a shimmering altar of Xom.
   455 | D:3      | Noticed a crimson imp
   455 | D:3      | Noticed a crimson imp
   459 | D:3      | Killed a crimson imp
   494 | D:4      | Reached skill level 5 in Axes
   507 | D:3      | Noticed a crimson imp
   559 | D:5      | Entered Level 5 of the Dungeon
   587 | D:5      | Reached XP level 5. HP: 32/41 MP: 5/5
   651 | D:5      | Noticed an ogre
   658 | D:5      | Killed an ogre
   658 | D:5      | Reached skill level 6 in Axes
   658 | D:5      | Gained mutation: You have sharp toenails. [demonic ancestry]
   658 | D:5      | Reached XP level 6. HP: 47/47 MP: 6/6
   678 | D:5      | Found a shadowy altar of Dithmenos.
   682 | D:5      | Noticed a centaur
   700 | D:5      | Killed a centaur
   729 | D:5      | Found a radiant altar of Vehumet.
   799 | D:5      | Reached skill level 7 in Axes
   896 | D:7      | Found a sparkling altar of Nemelex Xobeh.
   942 | D:7      | Gained mutation: You are partially covered in rugged brown scales (AC +1, +3% HP). [demonic ancestry]
   942 | D:7      | Reached XP level 7. HP: 34/53 MP: 7/7
  1008 | D:8      | Found an iron altar of Okawaru.
  1131 | D:8      | Found a blossoming altar of Fedhas.
  1131 | D:8      | Found an ancient bone altar of Kikubaaqudgha.
  1223 | D:8      | Reached skill level 8 in Axes
  1411 | D:9      | Gained mutation: You regenerate health from kills. [demonic ancestry]
  1411 | D:9      | Reached XP level 8. HP: 47/59 MP: 8/8
  1462 | D:10     | Entered Level 10 of the Dungeon
  1478 | D:10     | Noticed a troll
  1479 | D:10     | Noticed a two-headed ogre
  1496 | D:10     | Killed a troll
  1496 | D:10     | Reached skill level 9 in Axes
  1500 | D:10     | Killed a two-headed ogre
  1575 | D:11     | Reached skill level 10 in Axes
  1678 | D:11     | Found a labyrinth entrance.
  1681 | D:11     | Noticed a komodo dragon
  1682 | D:11     | Noticed Gastronok
  1685 | Lab      | Entered a labyrinth
  2202 | Lab      | Noticed a minotaur
  2217 | Lab      | Killed a minotaur
  2217 | Lab      | Reached skill level 11 in Axes
  2217 | Lab      | Gained mutation: You have razor-sharp toenails. [demonic ancestry]
  2217 | Lab      | Reached XP level 9. HP: 49/64 MP: 9/9
  2222 | Lab      | Got an encrusted ring mail
  2223 | Lab      | Identified the +2 ring mail "Miaz" {-Tele rN+ Int+8} (You found it in a labyrinth)
  2394 | D:10     | Noticed Sonja
  2398 | D:10     | HP: 4/96 [Sonja/uncursed dagger of distortion (3)]
  2398 | D:10     | Slain by Sonja

Vault maps used:
D:1:      onia_arrival_pyramid, grunt_decor_mini_mirrors
D:2:      uniq_iyjb, uniq_robin
D:3:      solitary_fountain, kennysheep_path_1, corexii_item_surrounded_by_moat,
          minivault_23, grunt_ministairs_2, led_xom_imps
D:4:      first_bread, uniq_natasha
D:5:      tgw_trog, overflow_temple_1_default, portal_sewer_entry_b,
          grunt_dithmenos_smoke, uniq_grinder
D:6:      basic_altar, grunt_qazlal_clouds
D:7:      lemuel_crystal_altar, basic_altar
D:8:      black_bear_nest_2, lemuel_doored_altar, evilmike_ruin_ashenzari,
          grunt_temple_overflow_growth_and_decay, serial_glass, glass_columns_c,
          glass_columns_b, david_nohive_1, minmay_unpleasant_kobolds
D:9:      erik_lair_dragon, serial_shops, shop, hangedman_decor_riveting
D:10:     orc_0_dummy, uniq_harold, uniq_sonja
D:11:     lab_entry_generic, grunt_decor_cap, kennysheep_another_room,
          uniq_gastronok
Lab:      labyrinth_hidden_loot

Action                   |  1- 3 |  4- 6 |  7- 9 || total
-------------------------+-------+-------+-------++-------
Melee: Hand axe          |    70 |    67 |       ||   137
       War axe           |       |    28 |   176 ||   204
Invok: Berserk           |     4 |     2 |     4 ||    10
       Trog's Hand       |       |     1 |     9 ||    10
  Use: Scroll            |       |       |     2 ||     2
 Stab: Sleeping          |     1 |       |       ||     1
       Distracted        |       |     1 |     1 ||     2
  Eat: Chunk             |     2 |     5 |     2 ||     9
       Beef jerky        |       |       |     2 ||     2
       Bread ration      |       |       |     1 ||     1
